 Dungeon Crawl Stone Soup version 0.31-a0-187-gba352fbbf7 (webtiles) character file.

Game seed: 4863603933504258205

48 qw the Shooter (level 3, 0/20 HPs)
             Began as a Deep Elf Hunter on June 22, 2023.
             Slain by an iguana (9 damage)
             ... on level 3 of the Dungeon.
             The game lasted 00:00:28 (1495 turns).

qw the Shooter (Deep Elf Hunter)                    Turns: 1495, Time: 00:00:29

Health: 0/20       AC:  6    Str: 10    XL:     3   Next: 50%
Magic:  5/5        EV: 11    Int: 13    God:
Gold:   72         SH:  0    Dex: 18    Spells: 2/2 levels left

rFire   . . .        Y - +1 shortbow
rCold   . . .        (shield currently unavailable)
rNeg    . . .        e - +0 ring mail
rPois   .            (no helmet)
rElec   .            (no cloak)
rCorr   .            (no gloves)
SInv    .            i - +0 pair of boots
Will    .....        f - amulet of the acrobat
Stlth   +            (no ring)
HPRegen 0.23/turn    (no ring)
MPRegen 0.09/turn

%: acrobat
@: no status effects
A: no striking features
a: no special abilities


You were on level 3 of the Dungeon.
You visited 1 branch of the dungeon, and saw 3 of its levels.

You collected 101 gold pieces.
You spent 29 gold pieces at shops.


   Skills:
 - Level 1.5 Fighting
 + Level 7.0 Ranged Weapons
 - Level 2.4 Dodging
 - Level 1.2 Stealth


You had 2 spell levels left.
You didn't know any spells.
Your spell library was empty.

Inventory:

Hand Weapons
 Y - a +1 shortbow (weapon)
Armour
 e - a +0 ring mail (worn)
 i - a +0 pair of boots (worn)
Jewellery
 f - an amulet of the acrobat (around neck)
Scrolls
 c - a scroll of fog {unknown}
Potions
 a - 2 potions of berserk rage {unknown}
 b - 2 potions of curing {unknown}
 d - 2 potions of enlightenment {unknown}
 g - a potion of lignification {unknown}
 h - 2 potions of brilliance {unknown}
 j - a potion of mutation {unknown}

Dungeon Overview and Level Annotations

Branches:
Dungeon (3/15)

Altars:
Yredelemnul

Shops:
D:2 *


Message History

Found an escape hatch in the ceiling.
Enter note:
Enter note: A bat comes into view.
Found a scroll labelled HUMPOAQALU.
The bat misses you.
Enter note:
Enter note: You shoot an arrow.
The arrow hits the bat!
You kill the bat!
c - a scroll labelled HUMPOAQALU
Enter note:
Enter note: You hear the slow rusting of a very distant drain.
Found a stone staircase leading down.
Enter note:
Enter note: An iguana comes into view.
Enter note:
Enter note: You shoot an arrow.
The arrow hits the iguana.
The iguana hisses angrily.
The iguana is moderately wounded.
You shoot an arrow. The arrow hits the iguana.
The iguana is heavily wounded.
The iguana closely misses you.
The iguana bites you but does no damage.
You shoot an arrow. The arrow hits the iguana.
The iguana is severely wounded.
The iguana barely misses you.
You shoot an arrow. The arrow barely misses the iguana.
The iguana barely misses you.
You shoot an arrow.
The arrow hits the iguana but does no damage.
The iguana is severely wounded.
The iguana bites you!
Ouch! That really hurt!
You shoot an arrow. The arrow hits the iguana.
The iguana is almost dead.
The iguana bites you!
You die...

#.......###.........#.......
#.........'.........'.......
#..#....###.........#.##....
#.<.#.#.# ##.......##.##....
#.......#####.....###.##.###
###.#........#...## #.##.###
#.#.######.##+## #......)
#.#.######.##.### ####.###
#.#.##...@.>....# #.#
#.#.##.###l.....# #.#
#.#.##.# ....... ..#
##.#.##.###......# ###
##.#..............#
#.###.....#####.###
##.#.##...# ## ##.#######
###


You could see an iguana.

Vanquished Creatures
  An adder (D:2)
  2 dart slugs
  3 endoplasms
  A giant cockroach (D:1)
  A goblin (D:1)
  5 jackals
  3 kobolds
  A quokka (D:2)
  10 bats
  4 frilled lizards (D:2)
  2 rats
33 creatures vanquished.

Notes
Turn   | Place    | Note
-------+----------+-------------------------------------------
     0 | D:1      | qw the Deep Elf Hunter began the quest for the Orb.
     0 | D:1      | Reached XP level 1. HP: 12/12 MP: 3/3
     0 | D:1      | 0 ||| qw: Version: 0.3-a-9-g12657ce
     0 | D:1      | 0 ||| qw: Game counter: 2564
     0 | D:1      | 0 ||| qw: Always use a shield: true
     0 | D:1      | 0 ||| qw: God list: Okawaru
     0 | D:1      | 0 ||| qw: Allow faded altars: false
     0 | D:1      | 0 ||| qw: Do Orc after D:15 true
     0 | D:1      | 0 ||| qw: Do second Lair branch before Depths: true
     0 | D:1      | 0 ||| qw: Lair rune preference: random
     0 | D:1      | 0 ||| qw: Plans: Normal
     0 | D:1      | 0 ||| PLANNING D:1-11
   209 | D:1      | Reached skill level 6 in Ranged Weapons
   209 | D:1      | Reached XP level 2. HP: 16/16 MP: 4/4
   754 | D:1      | 754 ||| UPGRADING to +0 ring mail.
   764 | D:1      | 764 ||| DROPPING +0 leather armour.
   765 | D:1      | 765 ||| UPGRADING to amulet of the acrobat.
   770 | D:1      | 770 ||| READING scroll labelled GUHOURROOJ.
   771 | D:1      | 771 ||| DROPPING scroll of butterflies.
   830 | D:2      | Found a basalt altar of Yredelemnul.
   847 | D:2      | Reached XP level 3. HP: 20/20 MP: 5/5
   879 | D:2      | Found Oviotz's Assorted Antiques.
   891 | D:2      | 891 ||| BUYING scroll labelled IHUKHL IGHA (29 gold).
   891 | D:2      | Bought a scroll labelled IHUKHL IGHA for 29 gold pieces
   891 | D:2      | 891 ||| SHOPLISTING smoky brown potion (26 gold, have 14).
  1242 | D:2      | 1242 ||| UPGRADING to +0 pair of boots.
  1247 | D:2      | 1247 ||| READING scroll labelled ALEVOPOATZ.
  1248 | D:2      | 1248 ||| READING scroll labelled IHUKHL IGHA.
  1249 | D:2      | 1249 ||| READING scroll labelled NIUTAZ NUNK.
  1281 | D:3      | 1281 ||| PLANNING SEWER
  1330 | D:3      | Found a faded altar of an unknown god.
  1334 | D:3      | Reached skill level 7 in Ranged Weapons
  1495 | D:3      | Slain by an iguana

Levels and vault maps discovered:
D:1:      dpeg_arrival_concentric_ovals, layout_basic
D:2:      layout_rooms, serial_shops, shop, basic_altar
D:3:      layout_loops_corners, general_overflow_altar,
          nemelex_dance_club_becter, mainiacjoe_overflow_chevrons,
          dreamdust_ecumenical_altar_angels_and_demons, portal_sewer_entry_a

Skill      XL: |  1  2  3 |
---------------+----------+-----
Ranged Weapons | 6 7 |  7.0
Fighting       | |  1.5
Dodging        | |  2.4
Stealth        | |  1.2

Action                     || total
---------------------------++-------
   Fire: Shortbow          ||    98
    Use: Scroll            ||     4
 Armour: Leather armour    ||    11
         Ring mail         ||    13
  Dodge: Dodged            ||    29

Table legend:
 A = Non-vault XP
 B = Vault XP
 C = Vault XP percentage of total XP
 D = Non-vault monster count
 E = Vault monster count
 F = Vault count percentage of total count
                 A         B        C        D         E       F
            +---------+---------+-------+---------+---------+-------
      Total |      69 |       0 |   0.0 |      33 |       0 |   0.0
            +---------+---------+-------+---------+---------+-------
        D:1 |      22 |       0 |   0.0 |      12 |       0 |   0.0
        D:2 |      40 |       0 |   0.0 |      16 |       0 |   0.0
        D:3 |       7 |       0 |   0.0 |       5 |       0 |   0.0
            +---------+---------+-------+---------+---------+-------
